 Dungeon Crawl Stone Soup version 0.19.4 (webtiles) character file.

70 Naow the Magician (level 4, 0/24 HPs)
             Began as a Deep Elf Fire Elementalist on Feb 5, 2017.
             Slain by a wight
             ... wielding a +3 dagger
              (6 damage)
             ... on level 6 of the Dungeon.
             The game lasted 00:02:45 (1929 turns).

Naow the Magician (Deep Elf Fire Elementalist)      Turns: 1929, Time: 00:02:46

Health: 0/24       AC:  3    Str:  5    XL:     4   Next: 4%
Magic:  12/12      EV: 16    Int: 21    God:
Gold:   148        SH:  0    Dex: 15    Spells: 4 memorised, 1 level left

rFire  . . .     SeeInvis .     (no weapon)
rCold  . . .     Gourm    .     a - +0 robe
rNeg   . . .     Faith    .     (no shield)
rPois  .         Spirit   .     (no helmet)
rElec  .         Reflect  .     (no cloak)
rCorr  .         Harm     .     e - +0 pair of gloves
MR     .....                    (no boots)
Stlth  ++........               (no amulet)
                                (no ring)
                                g - +3 ring of evasion

@: no status effects
A: no striking features
a: no special abilities


You were on level 6 of the Dungeon.
You were not hungry.

You visited 1 branch of the dungeon, and saw 4 of its levels.

You collected 148 gold pieces.

Inventory:

Armour
 a - a +0 robe (worn)
 e - a +0 pair of gloves (worn)
 k - a +0 buckler
Jewellery
 g - a +3 ring of evasion (left hand)
Scrolls
 f - 5 scrolls of identify {unknown}
 l - a scroll of teleportation {unknown}
 m - 2 scrolls of noise {unknown}
 n - 2 scrolls of remove curse {unknown}
Potions
 d - a potion of agility {unknown}
 h - 2 potions of curing {unknown}
 i - a potion of ambrosia {unknown}
 j - 2 potions of haste {unknown}
Books
 b - a book of Flames

   Spells                             Type                      Level
   a - Flame Tongue                   Conjuration/Fire             1
   b - Throw Flame                    Conjuration/Fire             2
   c - Conjure Flame                  Conjuration/Fire             3
   d - Inner Flame                    Hexes/Fire                   3
   e - Sticky Flame                   Conjuration/Fire             4
   f - Fireball                       Conjuration/Fire             5
Comestibles
 c - 3 bread rations


   Skills:
 - Level 2.4 Dodging
 - Level 2.4 Stealth
 + Level 0.0 Shields
 + Level 4.1 Spellcasting
 + Level 2.5 Conjurations
 + Level 4.1 Fire Magic


You had one spell level left.
You knew the following spells:

 Your Spells              Type           Power        Failure   Level  Hunger
a - Flame Tongue          Conj/Fire      ###..        3%          1    None
b - Throw Flame           Conj/Fire      ###...       6%          2    #......
c - Conjure Flame         Conj/Fire      ###.....     12%         3    ###....
d - Sticky Flame          Conj/Fire      ###.....     34%         4    ####...


Dungeon Overview and Level Annotations

Branches:
Dungeon (3/15)

Altars:


Message History

No target in view!
There is a stone staircase leading down here.
You climb downwards.
There is a stone staircase leading up here.
Okay, then.
You start putting on your armour.
You continue putting on your pair of gloves. x4
You finish putting on your +0 pair of gloves.
You now have 148 gold pieces (gained 16).
Found a hunting sling.
You fall through a shaft for 3 floors!
The shaft crumbles and collapses. 7 wights come into view.
Found 12 poisoned needles and a bread ration.
A wight comes into view. It is wielding a battleaxe of freezing.
The wight hits you with an enchanted battleaxe!
The wight hits you with an enchanted dagger!
* * * LOW HITPOINT WARNING * * *
The wight hits you with an enchanted dagger.
You die...

## #.## #..#
#..### #.z@#
#zzz..(#
#.z...%##
#z......#
zz........#
####....##...
##..## ###.
#..#


You could see 8 wights.

Vanquished Creatures
  An adder (D:2)
  2 worms (D:2)
  4 leopard geckos
  7 bats
  3 giant cockroaches
  4 goblins
  6 hobgoblins (D:1)
  4 jackals (D:1)
  A quokka (D:2)
  5 frilled lizards
  6 kobolds
  6 rats
49 creatures vanquished.

Notes
Turn   | Place    | Note
-------+----------+-------------------------------------------
     0 | D:1      | Naow the Deep Elf Fire Elementalist began the quest for the Orb.
     0 | D:1      | Reached XP level 1. HP: 10/10 MP: 6/6
   172 | D:1      | Reached XP level 2. HP: 15/15 MP: 6/8
   233 | D:1      | Learned a level 2 spell: Throw Flame
   796 | D:1      | Reached XP level 3. HP: 18/19 MP: 6/10
  1781 | D:2      | Reached XP level 4. HP: 24/24 MP: 7/12
  1786 | D:2      | Learned a level 3 spell: Conjure Flame
  1791 | D:2      | Learned a level 4 spell: Sticky Flame
  1927 | D:3      | You fall through a shaft for 3 floors!
  1929 | D:6      | Slain by a wight

Skill      XL: |  1  2  3 |
---------------+----------+-----
Conjurations   | 2 |  2.5
Fire Magic     | 4 |  4.1
Spellcasting   | 4 |  4.1
Dodging        | |  2.4
Stealth        | |  2.4

Action                   |  1- 3 |  4- 6 || total
-------------------------+-------+-------++-------
Melee: Unarmed           |    35 |       ||    35
 Cast: Flame Tongue      |    76 |     1 ||    77
  Eat: Chunk             |     3 |       ||     3
Armor: Robe              |     6 |       ||     6
Dodge: Dodged            |    66 |       ||    66
